 Dungeon Crawl Stone Soup version 0.31.0-11-ge490571c62 (console) character file.

Game seed: 6275346907061542673

2754226 Fralargala the Unforgettable (level 27, 166/166 (179) HPs)
             Began as a Demonspawn Alchemist on Jan 21, 2024.
             Was the Champion of Hepliaklqana.
             Escaped with the Orb
             ... and 5 runes on Jan 26, 2024!
             The game lasted 09:00:20 (87493 turns).

Fralargala the Unforgettable (DsAl)                Turns: 87493, Time: 09:00:20

HP:   166/166 (179) AC: 46    Str: 20      XL:     27
MP:   45/47         EV: 20    Int: 19 (20) God:    Hepliaklqana [******]
Gold: 1055          SH:  4    Dex: 18      Spells: 6/44 levels left

rFire   + . .        a - +9 quick blade (spect)
rCold   + . .        (no shield)
rNeg    + . .        c - +5 pearl dragon scales
rPois   +            O - +2 helmet of Joy {rElec rC+ rCorr}
rElec   +            Z - +2 cloak {Will+}
rCorr   +            (gloves unavailable)
SInv    .            W - +2 pair of boots
Will    ++++.        n - dreamshard necklace {Acrobat *Dream}
Stlth   ++           C - ring of protection from fire
HPRegen 0.47/turn    b - ring of the Purple Skies {Will+ rCorr MP+9 Str+8 Int-2}
MPRegen 0.30/turn

%: acrobat
@: studying 3 skills, drained
A: reduced essence, slimy green scales 3, icemail 2, condensation shield,
demonic magic 3, corrupting presence 2, word of chaos, demonic touch 3,
camouflage 1, deterioration 1, frail 1, electricity resistance
0: Orb of Zot
}: 5/15 runes: decaying, serpentine, slimy, silver, abyssal
a: Word of Chaos, Renounce Religion, Recall Ancestor, Ancestor Identity,
Transference, Idealise


You escaped.
You worshipped Hepliaklqana.
Hepliaklqana was exalted by your worship.
You visited 12 branches of the dungeon, and saw 56 of its levels.
You visited the Abyss 1 time.
You also visited: Bailey.

You collected 8973 gold pieces.
You spent 7918 gold pieces at shops.

Inventory:

Hand Weapons
 a - a +9 spectral quick blade (weapon)
Missiles
 g - 10 curare-tipped darts
Armour
 c - +5 pearl dragon scales (worn)
 O - the +2 helmet of Joy (worn) {rElec rC+ rCorr}
   (You bought it in a shop on level 3 of the Depths)

   rC+:       It protects you from cold.
   rElec:     It insulates you from electricity.
   rCorr:     It protects you from acid and corrosion.
 W - a +2 pair of boots (worn)
 Z - a +2 cloak of willpower (worn)
Jewellery
 b - the ring of the Purple Skies (right hand) {Will+ rCorr MP+9 Str+8 Int-2}
   (You bought it in a shop on level 3 of the Depths)

   [ring of willpower]

   Str+8:     It affects your strength (+8).
   Int-2:     It affects your intelligence (-2).
   Will+:     It increases your willpower.
   MP+9:      It affects your magic capacity (+9).
   rCorr:     It protects you from acid and corrosion.
 m - the ring "Riohepp" {rC+ Dex+6}
   (You bought it in a shop on level 2 of the Depths)

   [ring of protection from cold]

   Dex+6:     It affects your dexterity (+6).
   rC+:       It protects you from cold.
 n - the dreamshard necklace (around neck) {Acrobat *Dream}
   (You took it off a vault guard on level 5 of the Vaults)

   [amulet of the acrobat]

   *Dream:    It absorbs a single lethal wound into itself, holding its wearer
   just short of death and releasing dream-creatures to guard them.
   Acrobat:   It increases your evasion while moving and waiting.
 u - a ring of protection from fire
 x - a ring of flight
 C - a ring of protection from fire (left hand)
 J - an amulet of faith
 N - the ring "Beschoh" {rN+ Str+5}
   (You found it on level 3 of the Crypt)

   [ring of positive energy]

   Str+5:     It affects your strength (+5).
   rN+:       It protects you from negative energy.
Wands
 t - a wand of mindburst (43)
 B - a wand of digging (14)
 H - a wand of paralysis (85)
 S - a wand of polymorph (23)
 U - a wand of acid (31)
 X - a wand of iceblast (37)
Scrolls
 f - 11 scrolls of blinking
 h - 11 scrolls of noise
 o - 5 scrolls of torment
 v - 12 scrolls of teleportation {!r}
 y - 4 scrolls of immolation
 A - 9 scrolls of poison
 D - 6 scrolls of vulnerability
 F - 2 scrolls of silence {!r}
 G - 7 scrolls of fear
 P - 4 scrolls of revelation
 R - 8 scrolls of butterflies {!r}
 V - 3 scrolls of fog
Potions
 i - 8 potions of magic
 j - 3 potions of cancellation
 k - 10 potions of haste
 l - 9 potions of heal wounds
 p - 28 potions of curing
 r - 2 potions of berserk rage {!q}
 s - 5 potions of brilliance
 z - 6 potions of attraction
 E - 10 potions of lignification
 K - 4 potions of mutation
 L - 10 potions of enlightenment
 T - 3 potions of invisibility
 Y - 3 potions of ambrosia {!q}
Miscellaneous
 e - a tin of tremorstones (2/2)
 w - a phantom mirror
 I - a phial of floods
 M - a box of beasts
 Q - a lightning rod (4/4)


   Skills:
 - Level 20.0 Fighting
 - Level 15.0 Short Blades
 - Level 4.0 Throwing
 + Level 17.0 Armour
 + Level 18.7 Dodging
 + Level 17.6 Stealth
 - Level 4.0 Unarmed Combat
 - Level 9.0 Spellcasting
 - Level 4.0 Conjurations
 - Level 13.0 Hexes
 - Level 10.0 Necromancy
 - Level 10.0 Translocations
 - Level 7.0 Fire Magic
 - Level 5.0 Air Magic
 - Level 14.0 Alchemy
 + Level 22.3 Invocations
 - Level 16.0 Evocations


You had 6 spell levels left.
You knew the following spells:

 Your Spells              Type           Power      Damage    Failure   Level
a - Fugue of the Fallen   Necr           46%        N/A       1%          3
b - Anguish               Hex/Necr       25%        N/A       1%          4
c - Mephitic Cloud        Conj/Alch/Air  37%        N/A       2%          3
d - Olgreb's Toxic Radia  Alch           58%        N/A       1%          4
e - Sticky Flame          Fire/Alch      48%        2d9       2%          4
f - Sting                 Conj/Alch      100%       1d9       1%          1
g - Mercury Vapours       Alch/Air       88%        N/A       1%          2
h - Passage of Golubria   Tloc           46%        N/A       3%          4
l - Lesser Beckoning      Tloc           92%        N/A       1%          2
x - Animate Dead          Necr           46%        N/A       3%          4
z - Yara's Violent Unrav  Hex/Alch       28%        3d12      1%          5
P - Blink                 Tloc           92%        N/A       1%          2

Your spell library contained the following spells:

 Spells                   Type           Power      Damage    Failure   Level
 Foxfire                  Conj/Fire      100%       2x1d9     1%          1
 Kiss of Death            Conj/Necr      100%       2d13      1%          1
 Cigotuvi's Dreadful Rot  Necr/Alch/Air  90%        N/A       1%          2
 Ensorcelled Hibernation  Hex/Ice        66%        N/A       1%          2
 Jinxbite                 Hex            100%       N/A       1%          2
 Momentum Strike          Conj/Tloc      70%        3d9       1%          2
 Scorch                   Fire           70%        2d7       1%          2
 Confusing Touch          Hex            55%        N/A       1%          3
 Gell's Gravitas          Tloc           46%        N/A       1%          3
 Inner Flame              Hex/Fire       46%        N/A       1%          3
 Teleport Other           Tloc           46%        N/A       1%          3
 Tukima's Dance           Hex            55%        N/A       1%          3
 Dispel Undead            Necr           46%        3d18      3%          4
 Manifold Assault         Tloc           46%        N/A       3%          4
 Static Discharge         Conj/Air       50%        3-6/arc   4%          2
 Silence                  Hex/Air        21%        N/A       13%         5
 Sandblast                Erth           16%        2d6       19%         1
 Summon Small Mammal      Summ           32%        N/A       19%         1
 Flame Wave               Conj/Fire      29%        2d9       19%         4
 Hailstorm                Conj/Ice       16%        3d6       24%         3
 Stone Arrow              Conj/Erth      32%        3d9       24%         3
 Airstrike                Air            13%        2d(2-18)  24%         4
 Martyr's Knell           Necr/Summ      27%        N/A       24%         4
 Summon Mana Viper        Hex/Summ       33%        N/A       34%         5
 Summon Blazeheart Golem  Fire/Summ      21%        N/A       41%         4
 Death Channel            Necr           23%        N/A       43%         6
 Dispersal                Tloc           23%        N/A       43%         6
 Call Canine Familiar     Summ           8%         N/A       50%         3
 Ozocubu's Armour         Ice            8%         N/A       50%         3
 Passwall                 Erth           8%         N/A       50%         3
 Summon Ice Beast         Ice/Summ       8%         N/A       50%         3
 Summon Lightning Spire   Summ/Air       18%        N/A       54%         4
 Borgnjor's Vile Clutch   Necr/Erth      13%        N/A       54%         5
 Brom's Barrelling Bould  Conj/Erth      16%        2d4       63%         4
 Freezing Cloud           Conj/Ice/Air   9%         6-21      83%         5
 Plasma Beam              Fire/Air       15%        2x1d27    94%         6
 Starburst                Conj/Fire      14%        6d6       96%         6
 Summon Cactus Giant      Summ           4%         N/A       100%        6
 Enfeeble                 Hex            27%        N/A       58%         7
 Haunt                    Necr/Summ      13%        N/A       100%        7
 Monstrous Menagerie      Summ           4%         N/A       100%        7
 Borgnjor's Revivificati  Necr           23%        N/A       100%        8
 Infestation              Necr           23%        N/A       100%        8
 Lehudib's Crystal Spear  Conj/Erth      8%         10d3      100%        8
 Chain Lightning          Conj/Air       12%        3d16      100%        9
 Death's Door             Necr           23%        N/A       100%        9
 Fire Storm               Conj/Fire      14%        8d4       100%        9
 Shatter                  Erth           4%         3d7*      100%        9


Dungeon Overview and Level Annotations

Branches:
Dungeon (15/15)            Temple (1/1) D:6            Lair (5/5) D:9
  Swamp (4/4) Lair:3        Snake (4/4) Lair:2        Slime (5/5) Lair:4
    Orc (2/2) D:12            Elf (3/3) Orc:2        Vaults (5/5) D:13
  Crypt (3/3) Vaults:3       Tomb (0/3) Crypt:3      Depths (4/4) D:15
    Zot (5/5) Depths:4     Bailey (visited)

Altars:
Ashenzari
Cheibriados
Dithmenos
Fedhas
Gozag
Hepliaklqana
Kikubaaqudgha
Makhleb
Nemelex Xobeh
Okawaru
Qazlal
Ru
Sif Muna
Trog
Uskayaw
Vehumet
Wu Jian
Xom
Yredelemnul
Jiyva

Shops:
D:15 ?   Orc:2 ([([   Elf:2 *   Elf:3 [   Vaults:2 :   Vaults:4 !   Depths:1 *
Depths:2 *==   Depths:3 =[

Portals:
Hell: Depths:1 Depths:2 Depths:3 Depths:4
Abyss: Depths:1 Depths:3
Pandemonium: Depths:2
Ziggurat: Depths:3
Trove: Depths:4 (give 15 scrolls of teleportation)

Annotations:
D:6 1 exclusion
D:7 wights
D:9 2 transporters, math4jedi's ghost, novice MiBe
Elf:1 flight vault
Vaults:5 !


Innate Abilities, Weirdness & Mutations

Your life essence is reduced to manifest your ancestor. (-10% HP)
You are completely covered in slimy green scales. (AC +4, rPois)
A meltable icy envelope protects you from harm. (AC +8)
A meltable shield of frost defends you. (SH +4)
Spells you cast and wands you use may paralyse nearby enemies.
Your presence sometimes corrodes or deforms those you injure.
You can speak a Word of Chaos.
Your touch may irresistibly damage your foes and sap their willpower.
Your skin changes colour to match your surroundings (Stealth+).
Your body sometimes deteriorates upon taking damage.
You are frail. (-10% HP)
You are resistant to electric shocks. (rElec)


Message History

The ice devil is lightly wounded.
Your +9 spectral quick blade hits the ice devil.
Your +9 spectral quick blade hits the ice devil but does no damage.
A Zadolug and a smoke demon come into view.
You closely miss the ice devil.
You touch the ice devil!
You sap its willpower!
You hit the ice devil but do no damage. Your punch misses the ice devil.
The ice devil is moderately wounded.
Your +9 spectral quick blade hits the ice devil but does no damage. x2
The ice devil completely misses you.
You closely miss the ice devil. You hit the ice devil.
The ice devil is moderately wounded.
Your +9 spectral quick blade barely misses the ice devil.
Your +9 spectral quick blade hits the ice devil but does no damage.
You catch the helpless ice devil completely off-guard!
You skewer the ice devil like a kebab!!!
You kill the ice devil!
Your +9 spectral quick blade disappears.
Press: ? - help, v - describe, . - travel
Here: Zadolug, armed with a painful touch The floor.
Unknown command.
Blink to where?
Press: ? - help, Dir - move target
As you read the scroll of blinking, it crumbles to dust.
You climb upwards.
There is a stone staircase leading down here.
(D) Dungeon (T) Temple (L) Lair (S) Swamp (P) Snake Pit (M) Slime Pits (O) Orcish Mines (E) Elven Halls (V) Vaults (C) Crypt (W) Tomb (U) Depths (H) Hell (Z) Zot
Where to? (Tab/Enter - D:1 @ (x,y), ? - help)
What level of the Dungeon? (default 1, ? - help)
There is a stone staircase leading up here.
You climb upwards.
There is a stone staircase leading down here.
There is an open door here.
There is a staircase leading out of the dungeon here.
Sara is recalled.
Enter note: gg, ty sara You have escaped!

#.# ##..# ##.########
#..# ..........# #..#
....#####.# #..# ###.#
#.# #..#
#.#####.##########..#
###.##................#
....##.##.####.#R#.##.#
###.##.##.# #.#@#.##.#
#.##.##.# #.#+#.##.#
###.##.##.# #.....##.#
.......##.# #####....#
###.......# ####.#
#.....#### #.# #.###.#
#.# #.# #.#
##########.# #.# #.#
##..........#


You could see the friendly Sara the hexer.

Vanquished Creatures
  the Royal Jelly (Slime:5)
  9 orbs of fire
  3 dread liches
  3 ancient liches
  Boris (Vaults:2)
  Vv (Depths:4)
  Bai Suzhen (Depths:1)
  3 Killer Klowns (Zot:5)
  Saint Roka (Vaults:3)
  4 curse toes
  Nikola (Snake:4)
  11 golden dragons
  2 bone dragons
  An electric golem (Zot:5)
  Jorgrun (Elf:1)
  A hellephant (Depths:3)
  14 tentacled monstrosities
  The ghost of Sianeop the Warrior, an adept GrFi of Cheibriados (Vaults:3)
  5 liches
  7 quicksilver dragons
  2 deep elf blademasters
  2 deep elf master archers (Elf:3)
  5 sphinxes
  23 Orb Guardians
  A walking divine tome (Depths:3)
  4 titans
  Asterion (Vaults:1)
  14 acid blobs
  5 tentacled starspawn (Abyss:3)
  9 death cobs
  10 ancient champions
  An Executioner (Zot:1)
  10 shadow dragons
  11 storm dragons
  Agnes (Elf:2)
  2 nagarajas (Snake:4)
  4 tengu reavers
  A thorn hunter (Swamp:3)
  3 revenants
  Donald (Snake:4)
  9 rockslimes
  12 fire giants
  10 azure jellies
  10 protean progenitors
  4 deep elf sorcerers
  6 draconian monks
  5 draconian shifters
  7 frost giants
  2 emperor scorpions (Zot:1)
  20 vault wardens
  A daeva (Abyss:3)
  6 draconian scorchers
  4 draconian knights
  4 spectral caustic shrikes (Depths:4)
  An iron dragon (Depths:1)
  Louise (Swamp:1)
  3 ghost moths
  A deep elf elementalist (Elf:3)
  An angel (Abyss:3)
  A shard shrike simulacrum (Crypt:3)
  4 draconian annihilators
  A reaper (Depths:4)
  3 ghouls
  4 draconian stormcallers
  19 very ugly things
  3 orc warlords
  7 quicksilver oozes
  15 ironbound preservers
  2 ophanim (Abyss:3)
  7 ironbound thunderhulks
  6 formless jellyfish
  10 stone giants
  14 green draconians
  2 caustic shrike skeletons
  A juggernaut skeleton (Depths:2)
  3 eleionomae
  9 vampire knights
  7 deep elf demonologists
  2 bunyips
  7 deep elf annihilators
  5 dire elephants
  8 deep elf death magi
  8 red draconians
  6 spark wasps
  2 war gargoyles (Vaults:5)
  5 black draconians
  9 purple draconians
  18 yellow draconians
  11 white draconians
  10 ettins
  A blizzard demon (Depths:2)
  3 mummy priests (Crypt:3)
  4 eidola
  A merfolk javelineer (Depths:3)
  10 fire dragons
  An entropy weaver (shapeshifter) (Elf:2)
  11 jiangshi
  3 merfolk impalers (Depths:3)
  A shambling mangrove (Swamp:1)
  An entropy weaver (Vaults:4)
  13 yaktaur captains
  A rakshasa (Depths:2)
  Fannar (Lair:3)
  4 deep elf high priests
  An elf zombie (Crypt:1)
  35 vault guards
  21 hydras
  A salamander tyrant (Snake:4)
  7 great orbs of eyes
  An ogre mage (D:15)
  6 alligators
  10 ice dragons
  2 sphinx zombies
  3 jorogumos
  2 boulder beetles
  2 Orb Guardian zombies
  4 spriggan air magi
  4 death knights
  2 ghost crabs
  11 ironbound frosthearts
  9 anacondas
  3 catoblepae (Lair:5)
  An anaconda (shapeshifter) (Vaults:5)
  5 two-headed ogres
  4 centaur warriors
  A sphinx skeleton (D:15)
  14 tengu warriors
  24 dancing weapons
  11 deep troll earth magi
  3 thrashing horrors (Abyss:3)
  10 deep troll shamans
  10 naga warriors
  8 naga sharpshooters
  19 death yaks
  4 occultists
  2 demonic crawlers (Abyss:3)
  6 hell knights
  4 shock serpents
  The ghost of tdog the Unseen, a journeyman SpBr (D:11)
  6 vampire magi
  A spriggan berserker (Depths:4)
  3 orc high priests
  2 soul eaters
  14 deep elf knights
  2 skysharks
  A sixfirhy (Abyss:3)
  18 skeletal warriors
  2 cherubim (Abyss:3)
  15 iron trolls
  A spriggan druid (Swamp:4)
  A shadow demon (Abyss:3)
  45 deep trolls
  4 glowing orange brains
  A goliath frog (Swamp:3)
  2 naga ritualists
  4 flayed ghosts
  11 mana vipers
  A golden dragon skeleton (Depths:2)
  2 spriggan simulacra
  7 swamp dragons
  4 deep elf archers
  A lindwurm (shapeshifter) (Depths:2)
  5 bog bodies
  4 necromancers
  19 ironbound convokers
  An iron dragon zombie (Depths:1)
  5 arcanists
  28 deep elf pyromancers
  A shadow dragon zombie (Crypt:2)
  9 phantasmal warriors
  5 orc knights
  20 deep elf zephyrmancers
  A shadow dragon skeleton (Vaults:3)
  5 lindwurms (Vaults:2)
  A harpy (Vaults:1)
  A frost giant zombie (Depths:2)
  A glowing shapeshifter (Elf:1)
  26 ugly things
  2 orc sorcerers
  4 cyclopes
  3 will-o-the-wisps
  A shining eye (Slime:1)
  A fire giant zombie (Depths:1)
  An iron dragon skeleton (Crypt:3)
  3 manticores
  A draconian zombie (Zot:1)
  A meliai (shapeshifter) (D:14)
  10 salamanders
  25 moths of wrath
  2 human skeletons (Vaults:3)
  3 kobold blastminers
  3 stone giant skeletons
  A shock serpent zombie (Vaults:5)
  A naga zombie (Crypt:3)
  17 elephants
  13 vault sentinels
  A dire elephant zombie (Crypt:1)
  10 naga magi
  2 eyes of devastation
  A rust devil (D:11)
  4 apocalypse crabs (Zot:1)
  A frost giant skeleton (Depths:2)
  3 guardian serpents
  A storm dragon simulacrum (Depths:2)
  28 black mambas
  7 cane toads
  An orange demon (Depths:1)
  A cane toad (shapeshifter) (Elf:1)
  A green draconian zombie (Crypt:1)
  A dire elephant skeleton (Crypt:3)
  3 large abominations
  A minotaur zombie (Crypt:1)
  An ice devil (D:3)
  10 komodo dragons
  A white draconian zombie (Zot:2)
  Maggie (D:9)
  A hellion (Depths:3)
  4 tengu conjurers
  9 freezing wraiths
  A steelbarb worm zombie (Crypt:3)
  A kobold demonologist (D:10)
  A swamp worm zombie (Crypt:2)
  A white draconian skeleton (Crypt:3)
  6 guardian mummies (Crypt:3)
  2 yaktaur skeletons (Vaults:3)
  31 yaktaurs
  7 rime drakes
  A red devil (Zot:1)
  A golden dragon simulacrum (Depths:2)
  8 tyrant leeches
  2 ancient zymes (Abyss:3)
  6 merfolk
  4 trolls
  A bloated husk (Swamp:2)
  3 raiju (Abyss:3)
  8 polar bears
  A shadow dragon simulacrum (Depths:1)
  4 spriggan zombies
  11 hornets
  28 blink frogs
  A radroach zombie (Crypt:3)
  5 glass eyes
  4 dream sheep (Lair:2)
  A harpy skeleton (Crypt:2)
  105 slime creatures
  14 spriggans
  2 ettin skeletons (Vaults:3)
  A shadow (D:10)
  5 wyverns
  A water elemental (Elf:1)
  An air elemental (Elf:1)
  An ice dragon skeleton (Crypt:1)
  4 wraiths
  A ynoxinul (Abyss:2)
  A small abomination (Abyss:3)
  2 centaur simulacra
  4 fire elementals
  A basilisk (Lair:5)
  4 spriggan skeletons
  7 humans
  38 yaks
  An ushabti (Crypt:3)
  2 yaks (shapeshifter)
  9 vampire mosquitoes
  4 wargs
  9 golden eyes
  A chaos spawn (Abyss:3)
  15 swamp worms
  2 deep troll zombies (Vaults:5)
  41 nagas
  3 hexers
  3 human zombies
  An ogre zombie (Vaults:5)
  A swamp worm (shapeshifter) (Vaults:5)
  3 acid dragons
  A harpy simulacrum (Abyss:3)
  17 water moccasins
  A glowing shapeshifter skeleton (Vaults:3)
  18 orc warriors
  A merfolk skeleton (Crypt:1)
  3 hell hounds (Zot:3)
  A sky beast (D:7)
  A manticore zombie (Crypt:1)
  A black bear (D:8)
  9 swamp drakes
  15 laughing skulls
  12 ogres
  8 wolves
  2 swamp dragon skeletons
  A boggart (Vaults:2)
  5 centaurs
  2 yaktaur zombies (Vaults:5)
  4 bullfrogs
  A rime drake skeleton (Crypt:3)
  A brain worm (Abyss:2)
  2 scorpions (D:4)
  A gnoll sergeant (D:7)
  2 earth elementals
  A necrophage (Crypt:3)
  3 wights (D:7)
  A cyclops skeleton (Crypt:1)
  11 killer bees
  An electric eel (Lair:2)
  6 howler monkeys
  A bombardier beetle (D:5)
  4 jellies
  A centaur zombie (Crypt:1)
  3 hounds
  21 orc priests
  An iron imp (Abyss:3)
  13 iguanas
  24 orc wizards
  A hound zombie (Crypt:3)
  A tengu skeleton (Crypt:3)
  2 mummies (Crypt:3)
  9 adders
  4 gnolls (D:7)
  4 ufetubi
  2 dart slugs
  86 orcs
  3 bats
  7 endoplasms
  4 giant cockroaches
  14 goblins
  7 hobgoblins
  13 jackals
  13 kobolds
  2 quokkas
  A river rat zombie (Crypt:3)
  6 ball pythons
  A ball python skeleton (Crypt:2)
  A bombardier beetle zombie (Crypt:2)
  24 frilled lizards
  7 rats
  2 aspiring fleshes
  2 spectral weapons (Zot:5)
2110 creatures vanquished.

Vanquished Creatures (collateral kills)
  Frederick (Crypt:3)
  2 orbs of fire (Zot:5)
  2 ancient liches
  A juggernaut (Abyss:3)
  Boris (Vaults:3)
  A golden dragon (Depths:1)
  A Tzitzimitl (D:7)
  An electric golem (Zot:5)
  5 tentacled monstrosities
  A lich (Depths:1)
  2 titans (Vaults:5)
  4 Orb Guardians (Zot:5)
  9 acid blobs
  An Executioner (Depths:3)
  2 sphinxes
  3 shadow dragons
  Frances (Swamp:1)
  A thorn hunter (Swamp:4)
  6 storm dragons
  3 draconian monks
  2 rockslimes (Slime:4)
  3 nagarajas (Snake:4)
  3 deep elf sorcerers
  A protean progenitor (Zot:4)
  A fire giant (Vaults:5)
  A frost giant (Depths:1)
  2 vault wardens (Vaults:5)
  3 deep elf elementalists (Elf:3)
  A ghost moth (Zot:1)
  2 draconian shifters (Zot:5)
  2 draconian knights
  6 quicksilver oozes
  2 ghouls
  6 ironbound preservers
  3 ironbound thunderhulks
  2 very ugly things
  3 formless jellyfish (Slime:3)
  2 draconian annihilators
  4 stone giants
  2 green draconians
  5 deep elf death magi (Elf:3)
  An eleionoma (Swamp:3)
  2 black draconians
  2 deep elf demonologists (Elf:3)
  5 dire elephants
  A bunyip (Swamp:3)
  A spark wasp (Depths:2)
  A white draconian (Zot:5)
  2 deep elf annihilators (Elf:3)
  3 purple draconians
  A yellow draconian (Zot:4)
  3 red draconians
  4 ettins
  2 deep elf high priests
  3 fire dragons
  A jiangshi (Crypt:3)
  A yaktaur captain (Vaults:2)
  6 vault guards (Vaults:5)
  7 hydras
  An ice dragon (Depths:3)
  2 rakshasas
  3 great orbs of eyes
  An ironbound frostheart (Vaults:3)
  A jorogumo (Zot:2)
  2 centaur warriors (Vaults:2)
  2 two-headed ogres
  A catoblepas (Lair:3)
  11 dancing weapons
  A deep troll shaman (Depths:1)
  3 tengu warriors (Depths:3)
  2 naga warriors (Snake:4)
  3 death yaks (Lair:5)
  A shock serpent (shapeshifter) (Vaults:5)
  4 deep troll earth magi
  3 hell knights
  A vampire mage (Depths:2)
  A shock serpent (Snake:3)
  A salamander mystic (Snake:2)
  3 naga sharpshooters
  7 deep elf knights
  A flayed ghost (Depths:2)
  9 deep trolls
  3 skeletal warriors
  2 swamp dragons
  3 goliath frogs (Swamp:1)
  A glowing orange brain (Vaults:3)
  2 deep elf archers (Elf:1)
  6 ironbound convokers
  A spriggan druid (Swamp:4)
  2 mana vipers
  4 bog bodies
  A phantasmal warrior (Vaults:5)
  A lindwurm (Lair:5)
  2 necromancers
  2 orc knights
  A harpy (Vaults:1)
  7 deep elf pyromancers
  9 deep elf zephyrmancers
  3 shining eyes
  An ugly thing (Vaults:4)
  2 large abominations
  A manticore (D:14)
  2 will-o-the-wisps
  3 moths of wrath
  3 apocalypse crabs (Zot:1)
  A stone giant skeleton (Vaults:3)
  3 black mambas
  2 vault sentinels (Vaults:1)
  2 kobold blastminers
  4 elephants
  A cane toad (Lair:1)
  4 naga magi (Snake:4)
  A torpor snail (Swamp:1)
  2 unseen horrors
  A rime drake (shapeshifter) (D:14)
  A rime drake (Lair:1)
  2 komodo dragons
  A freezing wraith (Crypt:3)
  An elephant slug zombie (Crypt:3)
  5 yaktaurs
  3 guardian mummies (Crypt:3)
  An ancient zyme (Abyss:3)
  A polar bear (Lair:5)
  A troll (D:10)
  A raiju (Abyss:3)
  10 hornets
  A dream sheep (Lair:2)
  2 glass eyes
  8 blink frogs
  26 slime creatures
  4 spriggans
  An air elemental (Elf:1)
  A wyvern (shapeshifter) (Elf:1)
  A vampire (D:12)
  2 water elementals
  2 fire elementals
  2 wraiths
  A human (D:13)
  14 yaks
  A basilisk (Lair:1)
  2 vampire mosquitoes (Swamp:1)
  2 neqoxecs
  4 swamp worms
  10 nagas
  A human skeleton (Depths:2)
  6 water moccasins
  13 orc warriors
  A swamp drake (Lair:1)
  A wolf (Lair:5)
  2 centaurs
  A bullfrog (D:9)
  A necrophage (Crypt:2)
  An earth elemental (Elf:2)
  A wight (D:7)
  A howler monkey (D:9)
  3 orc priests
  4 iguanas (Lair:1)
  A sleepcap (D:6)
  10 orc wizards
  A tengu skeleton (Crypt:1)
  13 orcs
  A hobgoblin (Bailey)
  A hobgoblin skeleton (Crypt:2)
  A kobold (Bailey)
  2 aspiring fleshes (Zot:4)
474 creatures vanquished.

Vanquished Creatures (others)
  A dire elephant (Vaults:3)
  A red draconian (Zot:5)
  An ettin (Vaults:5)
  A vault guard (D:13)
  3 Orb Guardian zombies (Zot:5)
  An ogre mage (Vaults:5)
  A naga sharpshooter (Snake:4)
  4 storm dragon zombies
  A titan zombie (Vaults:5)
  An iron troll (Depths:1)
  An anaconda zombie (Vaults:5)
  A tengu zombie (Vaults:5)
  An ironbound convoker (Vaults:1)
  5 draconian zombies
  4 fire giant zombies (Vaults:5)
  A stone giant zombie (Vaults:5)
  2 red draconian zombies
  A yaktaur (Vaults:5)
  A green draconian zombie (Zot:2)
  8 human zombies (Vaults:5)
  A white draconian zombie (Zot:5)
  A swamp worm zombie (Vaults:5)
  A bloated husk (Swamp:2)
  4 moth of wrath zombies
  An ettin zombie (Vaults:5)
  A deep troll zombie (Vaults:5)
  2 nagas (Snake:4)
  46 hexers
  3 ancestors
  7 foxfires
  29 spectral weapons
  6 starspawn tentacles (Abyss:3)
142 creatures vanquished.

Grand Total: 2726 creatures vanquished

Notes
Turn   | Place    | Note
-------+----------+-------------------------------------------
     0 | D:1      | Fralargala the Demonspawn Alchemist began the quest for the
                  | Orb.
     0 | D:1      | Reached XP level 1. HP: 13/13 MP: 3/3
   489 | D:1      | Gained mutation: Spells you cast may paralyse adjacent
                  | enemies. [demonic ancestry]
   489 | D:1      | Reached XP level 2. HP: 19/19 MP: 1/5
   498 | D:1      | Learned a level 2 spell: Mercury Vapours
  1447 | D:2      | Gained mutation: A meltable shield of frost defends you.
                  | (SH +4) [demonic ancestry]
  1447 | D:2      | Reached XP level 3. HP: 24/24 MP: 4/6
  2446 | D:2      | Reached skill level 5 in Alchemy
  2446 | D:2      | Reached XP level 4. HP: 30/30 MP: 0/7
  2683 | D:2      | Reached skill level 1 in Air Magic
  2977 | D:2      | Reached skill level 1 in Fighting
  3057 | D:3      | Reached skill level 1 in Short Blades
  3175 | D:3      | Reached XP level 5. HP: 37/37 MP: 3/8
  3988 | D:3      | Learned a level 3 spell: Mephitic Cloud
  4087 | D:4      | Reached XP level 6. HP: 43/43 MP: 3/9
  4496 | D:4      | Found Muzoxt's Assorted Antiques.
  4505 | D:4      | Bought a runed bronze wand for 120 gold pieces
  4741 | D:4      | Bought a glowing puce potion for 27 gold pieces
  4924 | D:5      | Entered Level 5 of the Dungeon
  4935 | D:5      | Reached skill level 1 in Evocations
  5307 | D:5      | Gained mutation: A meltable icy envelope protects you from
                  | harm. (AC +8) [demonic ancestry]
  5307 | D:5      | Reached XP level 7. HP: 48/48 MP: 6/10
  5352 | D:5      | Learned a level 4 spell: Olgreb's Toxic Radiance
  5671 | D:4      | Bought a scroll labelled ZUYNUO TAEREXT for 30 gold pieces
  7207 | D:6      | Found a staircase to the Ecumenical Temple.
  7216 | Temple   | Entered the Ecumenical Temple
  7259 | Temple   | Became a worshipper of Hepliaklqana the Forgotten
  7442 | D:4      | Bought 3 scrolls labelled IMOELY TUAW for 90 gold pieces
  7720 | D:6      | Reached XP level 8. HP: 52/60 MP: 1/11
  8035 | D:5      | Learned a level 2 spell: Blink
  8253 | D:6      | Reached skill level 1 in Translocations
  8785 | D:7      | Identified the ring "Ruitz" {rC+ Will- Str+3 Int+4 Dex+6
                  | Stlth+}
  8992 | D:7      | Reached skill level 5 in Evocations
  9120 | D:7      | Gained mutation: Your touch may inflict minor irresistible
                  | damage on your foes. [demonic ancestry]
  9120 | D:7      | Reached XP level 9. HP: 65/65 MP: 9/13
  9266 | D:7      | Reached * piety under Hepliaklqana
 10012 | D:7      | Reached skill level 5 in Stealth
 10799 | D:8      | Reached skill level 1 in Fire Magic
 10888 | D:8      | Found a snail-covered altar of Cheibriados.
 11117 | D:9      | Gained mutation: You are partially covered in slimy green
                  | scales. (AC +2) [demonic ancestry]
 11117 | D:9      | Reached XP level 10. HP: 64/64 MP: 3/16
 11206 | D:9      | Learned a level 4 spell: Sticky Flame
 11216 | D:9      | Found a staircase to the Lair.
 11228 | Lair:1   | Entered Level 1 of the Lair of Beasts
 11266 | Lair:1   | Reached skill level 10 in Alchemy
 11465 | Lair:1   | Noticed a black mamba
 11509 | Lair:1   | Killed a black mamba
 11510 | Lair:1   | Reached skill level 5 in Fire Magic
 11579 | Lair:1   | Noticed a black mamba
 11596 | Lair:1   | Killed a black mamba
 11730 | Lair:1   | Reached ** piety under Hepliaklqana
 11732 | Lair:1   | Remembered your ancestor Sara as a hexer
 11791 | Lair:1   | Reached skill level 5 in Fighting
 11892 | Lair:1   | Identified the +0 scale mail of Death Resistance {rElec
                  | rF++ rC- rN++}
 11894 | Lair:1   | accurate name for once
 11925 | Lair:1   | Reached XP level 11. HP: 72/72 MP: 17/17
 12084 | D:4      | Bought a sharpened wooden wand for 120 gold pieces
 12880 | Lair:2   | Noticed a death yak
 12880 | Lair:2   | Noticed a death yak
 12880 | Lair:2   | Noticed a death yak
 12880 | Lair:2   | Noticed a death yak
 12881 | Lair:2   | Noticed a death yak
 12892 | Lair:2   | Killed a death yak
 13168 | Lair:2   | Reached skill level 10 in Fighting
 13306 | Lair:2   | Noticed a death yak
 13315 | Lair:2   | Noticed a death yak
 13320 | Lair:2   | Noticed a death yak
 13323 | Lair:2   | Noticed a death yak
 13323 | Lair:2   | Noticed a death yak
 13347 | Lair:2   | Killed a death yak
 13353 | Lair:2   | Killed a death yak
 13356 | Lair:2   | Gained mutation: You are mostly covered in slimy green
                  | scales. (AC +3) [demonic ancestry]
 13356 | Lair:2   | Reached XP level 12. HP: 90/90 MP: 2/18
 13391 | Lair:2   | Killed a death yak
 14054 | Lair:2   | Killed a death yak
 14060 | Lair:2   | Killed a death yak
 14071 | Lair:2   | Killed a death yak
 14075 | Lair:2   | Killed a death yak
 14076 | Lair:2   | Reached skill level 10 in Evocations
 14104 | Lair:2   | Killed a death yak
 14226 | Lair:2   | Killed a death yak
 14588 | Lair:2   | Found a staircase to the Snake Pit.
 15123 | Lair:3   | Noticed a catoblepas
 15132 | Lair:3   | Killed a catoblepas
 15220 | Lair:3   | Noticed an eight-headed hydra
 15408 | Lair:3   | Reached *** piety under Hepliaklqana
 15434 | Lair:3   | Reached skill level 1 in Invocations
 15454 | Lair:3   | Noticed Fannar
 15484 | Lair:3   | Reached skill level 2 in Invocations
 15523 | Lair:3   | Killed Fannar
 15524 | Lair:3   | Reached skill level 3 in Invocations
 15649 | Lair:3   | Found a staircase to the Swamp.
 15700 | Lair:3   | Reached skill level 4 in Invocations
 15708 | Lair:3   | Gained mutation: Spells you cast may paralyse nearby
                  | enemies. [demonic ancestry]
 15708 | Lair:3   | Reached XP level 13. HP: 99/99 MP: 9/19
 15834 | Lair:3   | Reached skill level 5 in Invocations
 16381 | Lair:4   | Reached skill level 5 in Translocations
 17028 | Lair:4   | Found a viscous altar of Jiyva.
 17028 | Lair:4   | Found a staircase to the Slime Pits.
 17743 | D:4      | Bought a scroll of identify for 60 gold pieces
 17743 | D:4      | Bought a potion of heal wounds for 150 gold pieces
 18255 | D:9      | Found a transporter.
 18306 | D:9      | Noticed math4jedi's ghost (novice MiBe)
 18321 | D:9      | Found a transporter.
 18463 | D:9      | Noticed Maggie
 18469 | D:9      | Killed Maggie
 18654 | D:10     | Entered Level 10 of the Dungeon
 18698 | D:10     | Reached **** piety under Hepliaklqana
 18770 | D:10     | why am i enchanting gloves with glove slot mutation lol
 18800 | D:10     | Found a flagged portal.
 18818 | Bailey   | Entered a bailey
 18823 | Bailey   | Noticed an orc warlord
 18879 | Bailey   | Found a runed translucent gate.
 18879 | Bailey   | Found a runed translucent gate.
 18879 | Bailey   | Found a runed translucent gate.
 19087 | Bailey   | Killed an orc warlord
 19088 | Bailey   | Reached skill level 6 in Invocations
 19089 | Bailey   | go sara
 19198 | Bailey   | Reached skill level 10 in Invocations
 19198 | Bailey   | Reached XP level 14. HP: 108/108 MP: 19/21
 19553 | D:10     | Reached skill level 11 in Invocations
 20683 | D:11     | Found a runed translucent door.
 20683 | D:11     | Noticed tdog's ghost (journeyman SpBr)
 20768 | D:11     | Found a broken altar of Ashenzari.
 21224 | D:12     | Reached skill level 12 in Invocations
 21580 | D:13     | Gained mutation: You are completely covered in slimy green
                  | scales. (AC +4, rPois) [demonic ancestry]
 21580 | D:13     | Reached XP level 15. HP: 92/113 MP: 5/24
 21706 | D:13     | Reached ***** piety under Hepliaklqana
 22044 | D:13     | Reached skill level 5 in Spellcasting
 22181 | D:13     | Found a gate to the Vaults.
 22750 | D:12     | Found a staircase to the Orcish Mines.
 22769 | D:12     | Reached skill level 5 in Dodging
 23362 | Orc:1    | Entered Level 1 of the Orcish Mines
 24111 | Orc:2    | Entered Level 2 of the Orcish Mines
 24281 | Orc:2    | Found a staircase to the Elven Halls.
 24327 | Orc:2    | Found Gimpiogg's Antique Weapon Emporium.
 25137 | Orc:2    | Found Gifud's Armour Shop.
 25143 | Orc:2    | Bought a +0 pair of boots for 58 gold pieces
 25643 | Orc:2    | Found Kodwi's Antique Armour Shoppe.
 25645 | Orc:2    | Found Yriofok's Antique Weapon Emporium.
 25652 | Orc:2    | furry armour
 25664 | Orc:2    | Bought a distressingly furry helmet for 323 gold pieces
 25664 | Orc:2    | Identified the +1 helmet of the Ethereal God {Str+4} (You
                  | bought it in a shop on level 2 of the Orcish Mines)
 25681 | Orc:2    | Bought a distressingly furry robe for 193 gold pieces
 25681 | Orc:2    | Identified the +2 robe of Yesterday {Rampage Str+4} (You
                  | bought it in a shop on level 2 of the Orcish Mines)
 25681 | Orc:2    | wtf str artificats
 25681 | Orc:2    | Bought a glowing cloak for 255 gold pieces
 25922 | Lair:5   | Entered Level 5 of the Lair of Beasts
 26434 | Lair:5   | Reached skill level 10 in Dodging
 26574 | Lair:5   | demonic magic + hexer is great
 27226 | Lair:5   | Reached skill level 1 in Hexes
 27234 | Lair:5   | Reached XP level 16. HP: 119/119 MP: 4/25
 27591 | Lair:5   | Reached skill level 5 in Hexes
 28378 | D:4      | Bought a scroll of noise for 30 gold pieces
 28378 | D:4      | Bought a scroll of blinking for 225 gold pieces
 28378 | D:4      | Bought a short smoking staff for 360 gold pieces
 28769 | D:14     | Learned a level 5 spell: Yara's Violent Unravelling
 29077 | D:15     | Entered Level 15 of the Dungeon
 29088 | D:15     | Found Huamn's Magic Scroll Shoppe.
 29091 | D:15     | Bought a scroll of identify for 34 gold pieces
 29091 | D:15     | Bought a scroll of identify for 34 gold pieces
 29093 | D:15     | Bought a scroll of teleportation for 51 gold pieces
 29379 | D:15     | Found a staircase to the Depths.
 29651 | D:15     | Reached ****** piety under Hepliaklqana
 29745 | D:15     | Bought a scroll of teleportation for 51 gold pieces
 29745 | D:15     | Bought a scroll of teleportation for 51 gold pieces
 29745 | D:15     | Bought a scroll of teleportation for 51 gold pieces
 29975 | D:15     | Identified the +4 hand axe of the Kissing Gods {flame,
                  | rElec}
 30276 | D:15     | Found a staircase to the Depths.
 30419 | D:15     | Found Huamn's Magic Scroll Shoppe.
 30901 | D:11     | Killed tdog's ghost
 31330 | Swamp:1  | Entered Level 1 of the Swamp
 31847 | Elf:1    | Entered Level 1 of the Elven Halls
 31859 | Elf:1    | ...
 31859 | Elf:1    | stupid entry vault
 31859 | Elf:1    | iron grates the most clear emchanic
 31859 | Elf:1    | iron grates in the branch full of transparent rock where
                  | all the walls are different colours, not cofusing at all
 31862 | Elf:1    | like this is only annoying because of the stupid grates
 32803 | Elf:1    | Noticed Jorgrun
 32808 | Elf:1    | Reached skill level 5 in Short Blades
 32812 | Elf:1    | Killed Jorgrun
 33486 | Elf:1    | Reached skill level 1 in Throwing
 33851 | Elf:2    | Noticed Agnes
 33856 | Elf:2    | Killed Agnes
 34042 | Elf:2    | Found Ywniarro's General Store.
 34049 | Elf:2    | Gained mutation: Your touch may inflict irresistible damage
                  | on your foes. [demonic ancestry]
 34049 | Elf:2    | Reached XP level 17. HP: 125/125 MP: 14/26
 34302 | Elf:2    | Bought a scroll of identify for 40 gold pieces
 34448 | Elf:2    | Found a runed translucent gate.
 34448 | Elf:2    | Found a runed translucent gate.
 34448 | Elf:2    | Found a runed translucent gate.
 34608 | Elf:2    | Identified the +4 great mace "Sunofumiu" {heavy, Will+
                  | Str+3 Dex+4 Stlth+}
 34860 | Elf:2    | too laggy
 34860 | Elf:2    | Upgraded the game from 0.31.0-2-g5a2aebc5c2 to
                  | 0.31.0-4-g52a2dc7128
 35182 | Swamp:1  | Noticed Frances
 35206 | Swamp:1  | Killed Frances
 35852 | Swamp:1  | Noticed Louise
 35871 | Swamp:1  | Killed Louise
 36039 | Swamp:1  | Identified the +9 orcbow "Kaijag" {elec, rPois Str+6 Dex-2}
 36040 | Swamp:1  | Identified the +7 long sword of Lirphain {venom, Str+2}
 36553 | Swamp:2  | Reached skill level 10 in Short Blades
 37383 | Swamp:3  | Reached skill level 15 in Fighting
 38117 | Swamp:4  | Entered Level 4 of the Swamp
 38278 | Swamp:4  | Reached skill level 1 in Necromancy
 38379 | Swamp:4  | Learned a level 3 spell: Fugue of the Fallen
 38563 | Swamp:4  | Reached skill level 5 in Necromancy
 38609 | Swamp:4  | Reached XP level 18. HP: 131/134 MP: 10/27
 38617 | Swamp:4  | Got a decaying rune of Zot
 38901 | Swamp:4  | Noticed a tentacled monstrosity
 39073 | Swamp:4  | Learned a level 4 spell: Anguish
 39253 | Swamp:4  | Killed a tentacled monstrosity
 39435 | Snake:1  | Entered Level 1 of the Snake Pit
 40665 | Snake:2  | Reached skill level 1 in Unarmed Combat
 42508 | Snake:4  | Entered Level 4 of the Snake Pit
 42555 | Snake:4  | Noticed Donald
 42568 | Snake:4  | Killed Donald
 42870 | Snake:4  | Noticed Nikola
 43735 | Snake:4  | Reached skill level 15 in Dodging
 44426 | Snake:4  | Reached XP level 19. HP: 111/141 MP: 14/29
 44684 | Snake:4  | Got a serpentine rune of Zot
 44907 | Snake:4  | Killed Nikola
 45954 | Elf:3    | Entered Level 3 of the Elven Halls
 45956 | Elf:3    | x41 shouts lol
 46492 | Elf:3    | Identified the orb "Jesheris" {*channel, Stlth+}
 46673 | Elf:3    | Found Ilod's Antique Armour Emporium.
 46700 | Elf:3    | ugh its so laggy
 46735 | Elf:3    | ok this is unplayable now
 46736 | Elf:3    | Upgraded the game from 0.31.0-4-g52a2dc7128 to
                  | 0.31.0-10-gcf4a605ca0
 48079 | Elf:3    | Identified the +3 whip "Umivyupu" {chaos, rN+}
 48087 | Elf:3    | Identified the +10 dagger of Doors {spect, *Rage Will++
                  | Str+3}
 48501 | Elf:3    | Identified the +3 plate armour of Gluttony {rElec rF+ Str-5
                  | Stlth+}
 48501 | Elf:3    | Identified the ring "Qaphin" {rPois Str+6 Int+3}
 49098 | Elf:3    | Found the +3 giant club "Skullcrusher" {speed, Str+7}
 49105 | Elf:3    | Got Sif Muna's Almanac of the Entrancing Alembic
 49122 | Elf:3    | Identified the +0 scale mail "Avorhu" {rN+++ rCorr Int-3
                  | Dex+2}
 49421 | Vaults:1 | Entered Level 1 of the Vaults
 50251 | Vaults:1 | Identified the +6 chain mail of the Hurricane {rC++ Regen+
                  | Dex+3}
 50438 | Vaults:1 | Gained mutation: Your touch may irresistibly damage your
                  | foes and sap their willpower. [demonic ancestry]
 50438 | Vaults:1 | Reached XP level 20. HP: 151/151 MP: 22/30
 51044 | Vaults:1 | Noticed Asterion
 51047 | Vaults:1 | Killed Asterion
 51468 | Elf:2    | Bought +0 pearl dragon scales for 2000 gold pieces
 52190 | Vaults:2 | Reached skill level 10 in Hexes
 52279 | Vaults:2 | Noticed Boris
 52306 | Vaults:2 | Killed Boris
 52586 | Vaults:2 | Noticed a dread lich
 52635 | Vaults:2 | Killed a dread lich
 52794 | Vaults:2 | Found Xiez's Book Shoppe.
 53736 | Vaults:3 | Reached skill level 1 in Armour
 53934 | Vaults:3 | Noticed an ancient lich
 54105 | Vaults:3 | Found a staircase to the Crypt.
 54875 | Vaults:3 | Found a runed translucent gate.
 54876 | Vaults:3 | Found a runed translucent gate.
 54877 | Vaults:3 | Found a runed translucent gate.
 55064 | Vaults:3 | Killed an ancient lich
 55065 | Vaults:3 | Gained mutation: A meltable icy envelope protects you from
                  | harm. (AC +8) [demonic ancestry]
 55065 | Vaults:3 | Reached XP level 21. HP: 156/156 MP: 2/31
 55077 | Vaults:3 | Noticed Saint Roka
 55272 | Vaults:3 | Noticed Boris
 55273 | Vaults:3 | yo boris go away I killed you last lvl
 55290 | Vaults:3 | Killed Boris
 55421 | Vaults:3 | Noticed Sianeop's ghost (adept GrFi)
 55425 | Vaults:3 | Found a viscous altar of Jiyva.
 55488 | Vaults:3 | Killed Saint Roka
 55653 | Vaults:4 | Reached skill level 5 in Armour
 56800 | Vaults:4 | Found Gessai Avoa's Distillery.
 56805 | Vaults:4 | Bought a potion of haste for 150 gold pieces
 56805 | Vaults:4 | Bought a potion of cancellation for 120 gold pieces
 57539 | Vaults:4 | Bought a potion of enlightenment for 75 gold pieces
 57709 | Depths:1 | Entered Level 1 of the Depths
 57861 | Depths:1 | Found Meliuxt's CLEARANCE SALE!.
 57867 | Depths:1 | Bought a book of Vapours for 78 gold pieces
 58190 | Depths:1 | Found a one-way gate to the infinite horrors of the Abyss.
 58631 | Depths:1 | Noticed a golden dragon
 58656 | Depths:1 | Reached skill level 5 in Air Magic
 58657 | Depths:1 | Killed a golden dragon
 58669 | Depths:1 | Reached skill level 10 in Armour
 58814 | Depths:1 | Found a gateway to Hell.
 58964 | Depths:1 | Reached XP level 22. HP: 138/162 MP: 21/32
 59066 | Depths:1 | Identified the +7 great sword "Wucloh" {drain, rF+ Will+}
 59394 | Depths:1 | Identified the dragon-blood talisman of the Marlin {+Blink
                  | Dex+2}
 59394 | Depths:1 | Noticed Bai Suzhen
 59419 | Depths:1 | Killed Bai Suzhen
 60421 | Depths:2 | Found a one-way gate leading to the halls of Pandemonium.
 60445 | Depths:2 | Found Hiuga's Jewellery Shop.
 60445 | Depths:2 | Found Uniepuin's Jewellery Boutique.
 60449 | Depths:2 | Found Edinn's General Store.
 60697 | Depths:2 | Noticed a golden dragon
 60984 | Depths:2 | Identified the +3 glaive "Eviscerator" {antimagic, *Rage
                  | ^Fragile Int+8 SInv}
 61273 | Depths:3 | Reached skill level 15 in Short Blades
 61319 | Depths:3 | Found a one-way gateway to a ziggurat.
 61612 | Depths:3 | Found a shadowy altar of Dithmenos.
 61760 | Depths:3 | Found a transporter.
 61760 | Depths:3 | Found Utsoangejuat's Jewellery Emporium.
 62136 | Depths:3 | Found a transporter.
 62847 | Depths:3 | Gained mutation: Your presence sometimes corrodes those you
                  | injure. [demonic ancestry]
 62847 | Depths:3 | Reached XP level 23. HP: 149/170 MP: 27/33
 62953 | Depths:3 | Found Xukomob's Armour Shoppe.
 62963 | Depths:3 | Bought the +2 helmet of Joy {rElec rC+ rCorr} for 493 gold
                  | pieces
 63167 | Depths:3 | Got the Almanac of Evil and Congelation
 63445 | Depths:2 | Bought a ring of flight for 245 gold pieces
 64170 | Elf:2    | Reached skill level 10 in Stealth
 64943 | Depths:4 | Entered Level 4 of the Depths
 65135 | Depths:4 | Reached skill level 13 in Invocations
 65195 | Depths:4 | Reached skill level 14 in Invocations
 65312 | Depths:4 | Found a gate to the Realm of Zot.
 65483 | Depths:4 | Found a portal to a secret trove of treasure.
 65782 | Depths:4 | Reached skill level 15 in Invocations
 65863 | Depths:4 | Noticed Vv
 65993 | Depths:4 | Killed Vv
 66592 | Vaults:4 | Bought a potion of invisibility for 120 gold pieces
 66592 | Vaults:4 | Bought a potion of invisibility for 120 gold pieces
 66680 | Crypt:1  | Entered Level 1 of the Crypt
 66710 | Crypt:1  | You fall into a shaft and drop 1 floor!
 66733 | Crypt:2  | Reached skill level 16 in Invocations
 67051 | Crypt:1  | Reached skill level 17 in Invocations
 67149 | Crypt:1  | Identified the +6 dagger "Laenedd" {pain, *Noise *Slow
                  | rCorr Int+8}
 67993 | Crypt:2  | Reached skill level 18 in Invocations
 68898 | Crypt:3  | Entered Level 3 of the Crypt
 68904 | Crypt:3  | Gained mutation: Your presence sometimes corrodes or
                  | deforms those you injure. [demonic ancestry]
 68904 | Crypt:3  | Reached XP level 24. HP: 177/177 MP: 32/36
 69306 | Crypt:3  | Identified the orb of Infinity {*channel, rN+ Regen+}
 69306 | Crypt:3  | Noticed Frederick
 69317 | Crypt:3  | Killed Frederick
 69479 | Crypt:3  | Noticed an ancient lich
 69486 | Crypt:3  | Killed an ancient lich
 69691 | Crypt:3  | Found a staircase to the Tomb.
 70502 | Crypt:3  | Found a staircase to the Tomb.
 70839 | Crypt:3  | Found an ancient bone altar of Kikubaaqudgha.
 70844 | Crypt:3  | Identified the +2 orcbow of Plunder {speed, Fly rF+ Str+3}
 70855 | Crypt:3  | Found a basalt altar of Yredelemnul.
 70984 | Crypt:3  | Identified the ring of the Cast Vote {rC+ rN+ Stlth+}
 70984 | Crypt:3  | Identified the ring "Beschoh" {rN+ Str+5}
 70991 | Crypt:3  | Identified the amulet of Esoczal {RegenMP Harm rC+ rN++
                  | Stlth+}
 71024 | Crypt:3  | Got Pituotie's Secrets of Iniquitous Secrets
 71026 | Crypt:3  | Identified the +3 scale mail of Gozag's Displeasure {-Cast
                  | Harm +Blink rElec}
 71283 | Vaults:3 | Killed Sianeop's ghost
 71391 | Vaults:3 | Learned a level 4 spell: Animate Dead
 71484 | Vaults:5 | Entered Level 5 of the Vaults
 71498 | Vaults:5 | Noticed a dread lich
 71539 | Vaults:5 | Killed a dread lich
 71540 | Vaults:5 | Reached skill level 10 in Necromancy
 71618 | Vaults:5 | Identified the +4 broad axe of the Pits of Slime {vamp, rF-
                  | SInv Stlth+}
 71680 | Vaults:5 | Identified the +0 buckler of Contentment {rF++}
 71879 | Vaults:5 | Identified the amulet "Ehoim" {Reflect rF+ Int+3 SH+5}
 71903 | Vaults:5 | bro
 71926 | Vaults:5 | Noticed an ancient lich
 72171 | Vaults:5 | Gained mutation: Spells you cast and wands you use may
                  | paralyse nearby enemies. [demonic ancestry]
 72171 | Vaults:5 | Reached XP level 25. HP: 172/183 MP: 30/36
 72195 | Vaults:5 | I guess every misc item spawnned in vaults 5 lol
 72207 | Vaults:5 | Identified the staff "Fitt" {+Blink Str+2 Conj}
 72233 | Vaults:5 | Killed an ancient lich
 72632 | Vaults:5 | Got a silver rune of Zot
 72898 | Vaults:5 | Identified the +6 dagger of Iconoclasm {freeze, Str+2
                  | Stlth+}
 73602 | Slime:1  | Entered Level 1 of the Pits of Slime
 76119 | Slime:5  | Entered Level 5 of the Pits of Slime
 76970 | Slime:5  | Found a viscous altar of Jiyva.
 77031 | Slime:5  | Noticed the Royal Jelly
 77043 | Slime:5  | Killed the Royal Jelly
 77301 | Slime:5  | Identified the +6 falchion "Sohicups" {drain, ^Drain Fly
                  | rElec rPois}
 77561 | Slime:5  | Identified the +4 chain mail "Amuax" {^Contam Rampage rC+
                  | Regen+}
 77571 | Slime:5  | Identified the +6 glaive "Laenuunlet" {heavy, Str+3}
 77833 | Slime:5  | Identified the +3 lajatang of the Dozen Ears {drain, rF-
                  | rC++ Int+4}
 77881 | Slime:5  | Got a slimy rune of Zot
 78072 | Slime:5  | Upgraded the game from 0.31.0-10-gcf4a605ca0 to
                  | 0.31.0-11-ge490571c62
 78429 | Depths:1 | Voluntarily entered the Abyss.
 78431 | Abyss:1  | Found a corrupted altar of Lugonu.
 78524 | Abyss:3  | Noticed an ancient lich
 78531 | Abyss:3  | Killed an ancient lich
 78548 | Abyss:3  | Found a corrupted altar of Lugonu.
 78623 | Abyss:3  | Reached skill level 19 in Invocations
 78664 | Abyss:3  | Found a corrupted altar of Lugonu.
 78664 | Abyss:3  | Found a corrupted altar of Lugonu.
 78664 | Abyss:3  | Found a corrupted altar of Lugonu.
 78872 | Abyss:3  | Gained mutation: You can speak a Word of Chaos. [demonic
                  | ancestry]
 78872 | Abyss:3  | Reached XP level 26. HP: 124/190 MP: 36/36
 78881 | Abyss:3  | Noticed a juggernaut
 78895 | Abyss:3  | Killed a juggernaut
 78905 | Abyss:3  | Got an abyssal rune of Zot
 78922 | Depths:1 | Escaped the Abyss
 78923 | Depths:1 | juggernaught jump scare lol
 78926 | Depths:1 | Learned a level 2 spell: Lesser Beckoning
 79140 | Zot:1    | Entered Level 1 of the Realm of Zot
 79335 | Zot:1    | Found a shimmering altar of Xom.
 79385 | Zot:1    | Identified the maw talisman of Uwnext {rC- Str+3 Int+2}
 79420 | Zot:1    | Reached skill level 15 in Stealth
 79422 | Zot:1    | Reached skill level 15 in Evocations
 79913 | Zot:1    | Reached skill level 15 in Armour
 80534 | Zot:1    | Noticed an orb of fire
 80882 | Depths:2 | Bought the ring "Riohepp" {rC+ Dex+6} for 713 gold pieces
 80949 | Depths:3 | Bought the ring of the Purple Skies {Will+ rCorr MP+9 Str+8
                  | Int-2} for 1451 gold pieces
 81576 | Zot:2    | Identified the +5 scale mail of Qismeos {rF++ rC+ rN++}
 81951 | Zot:2    | Reached skill level 20 in Invocations
 82452 | Zot:2    | Identified the +8 falchion of Dishonesty {drain, Will+
                  | Str+4 Int+2}
 82652 | Zot:3    | Identified the +3 ring mail of Arha Magosit {^Drain rElec
                  | Stlth+}
 83218 | Zot:3    | Reached XP level 27. HP: 162/199 MP: 24/37
 84030 | Zot:4    | Learned a level 4 spell: Passage of Golubria
 84590 | Zot:4    | Reached skill level 10 in Translocations
 84704 | Zot:1    | Killed an orb of fire
 84850 | Zot:5    | Entered Level 5 of the Realm of Zot
 85308 | Zot:5    | Reached skill level 21 in Invocations
 85315 | Zot:5    | Noticed an orb of fire
 85316 | Zot:5    | Noticed an orb of fire
 85321 | Zot:5    | Killed an orb of fire
 85322 | Zot:5    | Noticed an orb of fire
 85322 | Zot:5    | Noticed an orb of fire
 85322 | Zot:5    | Noticed an orb of fire
 85322 | Zot:5    | Noticed an orb of fire
 85324 | Zot:5    | Noticed an orb of fire
 85324 | Zot:5    | Gained mutation: You are vulnerable to cold. (rC-) [an orb
                  | of fire]
 85325 | Zot:5    | Noticed an orb of fire
 85326 | Zot:5    | Gained mutation: Your magical capacity is low. (-10% MP)
                  | [an orb of fire]
 85458 | Zot:5    | Gained mutation: Your magical capacity is very low. (-20%
                  | MP) [an orb of fire]
 85472 | Zot:5    | Killed an orb of fire
 85496 | Zot:5    | Gained mutation: You occasionally lose the ability to read
                  | scrolls when taking damage. [an orb of fire]
 85509 | Zot:5    | Killed an orb of fire
 85536 | Zot:5    | Killed an orb of fire
 85780 | Zot:4    | Lost mutation: You are vulnerable to cold. (rC-) [potion of
                  | mutation]
 85780 | Zot:4    | Lost mutation: Your magical capacity is very low. (-20% MP)
                  | [potion of mutation]
 85780 | Zot:4    | Gained mutation: Your health recovers twice as slowly from
                  | being drained. [potion of mutation]
 85780 | Zot:4    | Gained mutation: Your movements are slightly less
                  | encumbered by armour. (ER -2) [potion of mutation]
 85781 | Zot:4    | Lost mutation: Your movements are slightly less encumbered
                  | by armour. (ER -2) [potion of mutation]
 85781 | Zot:4    | Lost mutation: Your magical capacity is low. (-10% MP)
                  | [potion of mutation]
 85781 | Zot:4    | Lost mutation: Your health recovers twice as slowly from
                  | being drained. [potion of mutation]
 85781 | Zot:4    | Gained mutation: You have hidden genetic potential. [potion
                  | of mutation]
 85781 | Zot:4    | Gained mutation: Your flesh is cold resistant. (rC+)
                  | [potion of mutation]
 85781 | Zot:4    | Lost mutation: Your flesh is cold resistant. (rC+) [potion
                  | of mutation]
 85782 | Zot:4    | Lost mutation: You occasionally lose the ability to read
                  | scrolls when taking damage. [potion of mutation]
 85782 | Zot:4    | Lost mutation: You have hidden genetic potential. [potion
                  | of mutation]
 85782 | Zot:4    | Gained mutation: You have a pair of small antennae on your
                  | head. [potion of mutation]
 85782 | Zot:4    | Gained mutation: You are dopey. (Int -2) [potion of
                  | mutation]
 85782 | Zot:4    | Lost mutation: You are dopey. (Int -2) [potion of mutation]
 85782 | Zot:4    | Gained mutation: You have a somewhat thin skeletal
                  | structure. (Dex +2, Stealth+) [potion of mutation]
 85783 | Zot:4    | Lost mutation: You have a somewhat thin skeletal structure.
                  | (Dex +2, Stealth+) [potion of mutation]
 85783 | Zot:4    | Lost mutation: You have a pair of small antennae on your
                  | head. [potion of mutation]
 85783 | Zot:4    | Gained mutation: You are frail. (-10% HP) [potion of
                  | mutation]
 85783 | Zot:4    | Gained mutation: You are resistant to electric shocks.
                  | (rElec) [potion of mutation]
 85783 | Zot:4    | Gained mutation: Your skin changes colour to match your
                  | surroundings (Stealth+). [potion of mutation]
 85823 | Zot:5    | Noticed an orb of fire
 85834 | Zot:5    | Killed an orb of fire
 85838 | Zot:5    | Killed an orb of fire
 85840 | Zot:5    | Noticed an ancient lich
 85845 | Zot:5    | Killed an ancient lich
 85850 | Zot:5    | Killed an orb of fire
 85851 | Zot:5    | Noticed an orb of fire
 85855 | Zot:5    | Killed an orb of fire
 85909 | Zot:5    | Gained mutation: Your body sometimes deteriorates upon
                  | taking damage. [an orb of fire]
 85932 | Zot:5    | Killed an orb of fire
 85961 | Zot:5    | Killed an orb of fire
 86358 | Zot:5    | Reached skill level 22 in Invocations
 86394 | Zot:5    | Noticed a dread lich
 86403 | Zot:5    | Killed a dread lich
 86763 | Zot:5    | Got the Orb of Zot
 86792 | Zot:5    | bro
 87134 | Depths:2 | Noticed a seraph
 87438 | D:3      | Noticed Zadolug the pandemonium lord
 87492 | D:1      | gg, ty sara
 87493 | D:$      | Escaped with the Orb!

Illustrated notes #P..# #..## #P #..# #...##### #..## ##........ #...######......... #............##.### #............## #. #..###.####..# ## #.R# ### #..# # #.@# #..# # #...# ##..# # #..## #...# ## #..# ##..#####. #..# #..P##.## ...# # ###........ #...##.##.#........ .............#.P### ..........#### Turn 11894 on Lair:1: accurate name for once #####......## ............ #.........# #...#.....# #.........# #.........##### #.......#.....+ #.. #...@R....# #..##.#+##....# #.....# ....# #.....# ....# #.###.# .##.# ###.....# .. .# .!......# ## # ....[...# ........############## Turn 18770 on D:10: why am i enchanting gloves with glove slot mutation lol ....#~~(~~#.....(....# )...'.....'..........# ..#########......8...# .##~~~#~~~####......## .#~[.....~#~~#.....## .#~!........~#....## .##8.8...8.8~##.).# ..#.........~~'.R.# ..#....∩....~~'.@.# ..#.........~~'...# .##8.8...8.8~##)).# (#~?........~#....## .#~|.....~#~~#.....## .##~~~#~~~####.(....## ..#########......8...# ....'..(..'..........# ....#~~~~(#..........# Turn 19089 on Bailey: go sara ########### ##.........## ##...#####...## #..###._.###..# ##.##∩....R@##.## #..###8...8###..# #.#####...#####.# #.#...#...#...#.# #.#...'...'...#.# #.#...#..)#...#.# #.#####)8.#####.# #.#...#..)#...#.# #.#...)...'...#.# Turn 25652 on Orc:2: furry armour ########### ##.........## ##...#####...## #..###._.###..# ##.##∩....R@##.## #..###8...8###..# #.#####...#####.# #.#...#...#...#.# #.#...'...'...#.# #.#...#..)#...#.# #.#####)8.#####.# #.#...#..)#...#.# #.#...)...'...#.# Turn 25681 on Orc:2: wtf str artificats ##............PP.## #..............P.## ##......÷÷........###.. #####...<†(.†÷......... # #......†........... # ####..††........... # ##.P÷........... .^. #.#............. .S..# ##.##@R...$....F ... . ####...#....... .. .. ##...#.... . ... ###..P..... .... ....P?$P= .#......$. .....$P..P. ~~ ..P$....? ~~≈ ~#)?..... Turn 26574 on Lair:5: demonic magic + hexer is great ####### #@....# #EE<..# ###EEE..### +e#°°§○R#e+ ###.○...### +.#.e○..#§+ ###...).### .#.....#e ###.....### Turn 31859 on Elf:1: ... ####### #.....# #.°<..# ###.○°ER### +e#.☼EE°#e+ ###..e§@### +.#.§§§.#.+ ###...).### +.#.....#e ###.....### #.....# #.....# ....... Turn 31862 on Elf:1: like this is only annoying because of the stupid grates ##.....## ##...## ####### #...# #...# ###...### #.......# #######.......#####+ ...#...)..#....R@+.+ .#.).....###.....+.# .###......#......+.+ .# ####.......#####+ .# #.......# ## ###...### #...# #...# ##### Turn 34860 on Elf:2: too laggy .. ..##### ....... .......## ....○...# .....E..## .........###.# .......@R....# .........##### ........## ........# .......## ......( ####### Turn 45956 on Elf:3: x41 shouts lol #.##.##.# ##### #.##.##.# #.. #.##....# #.# #.####..# #.# #.# #..# #.####### # #.####).#####.......#.# #.........##<........v# #.##.....).'..).R≈...+ #.###...#.##..)≈@≈...# #.# #..##.###..≈≈≈..## #.# #.###.# ##.....## #.###.###.# ##...## #.........# ##'## #####.##### ... ####.#### #.#. #.......# # #.#.# ##.......##.#.... Turn 46700 on Elf:3: ugh its so laggy ####.#### #.# #.......# #.# #.##.##.# ##### #.##.##.# #.. #.##....# #.# #.####..# #.# #.# #..# #.####### # #.####).#####.......#.# #.........##@....)....# #.##.....).'..).≈≈...+.. #.###.e.#.##R.)≈∩≈...# #.# #..##.###..≈≈≈..## #.# #.###.# ##.....## #.###.###.# ##...## #.........# ##'## #####.##### ... ####.#### #.#. Turn 46735 on Elf:3: ok this is unplayable now ##)### #..........+ ..)..####..........# .#'#.#.##.....L....# .'|'....#.)........# .#'#.#.##..........# .....####..........# ##.### #[.........# #...# #.......Y..# ##.## #.......@..# #########..........# .................R.# ........[..........# ...................# #############......# # ##...## #..)...# # ##.....## #......# ###..###..###....))# ### ### Turn 55273 on Vaults:3: yo boris go away I killed you last lvl ........)..# #########....# ....##.).....# . .........#..# #.#####...##..#..# ......##...#)(#..# ...p.##..#..#..# #...#....##..# #.@##...##..# #...##..##..# ##...#...#..# ##..##..#..# ......#..# ..##..#..# ..# ..#..# .##..##..# ...##..# Turn 71903 on Vaults:5: bro ##..#.. ...# ... C. #.. ....# ...# #.. ....## #..# # #...## ..?# #. #...## ...# #.. #...# #.:# #...##..Z####...#### #.......ZZZ.@..)}.!| #...##...###R..##### #..#..##[..## }[[## #..# #..#..#...## .[.## ##..#.. #..#.....## ..!## ##...#.. #..#....## ..## ....#.. #..#...## ..# # ...#.. #Z.#..## ... ##. #..#.. #†R#..###... #...##.)#.. Turn 72195 on Vaults:5: I guess every misc item spawnned in vaults 5 lol

7..[#...####.~~~.####..#
7...(....##.~~~~~.##..##
#.).'..#'##.~~⌠~~.#####.
7...'..#..#.~~~~~.##....
7...#..#..##.~~~.##.....
77...#[.#..[##...##......
77...##..#...[##'##(.....# 7
77...##...##..[.[[...†.####
777#777...##....@##.†.......##..#
.........##....R..##....[..##..##
........##.........#########...#.
.......##......................#.
########......................###
....###...........#..........##.'
..........?.......#..........#)..
..................#.......>..#[.#
.............>...............####


Turn 78923 on Depths:1: juggernaught jump scare lol ▓▓▓▓.............▓▓▓▓
▓▓...................▓▓ ▓▓........?....^.:...... ▓.......................
▓................1.....^ ▓▓^..........^.......... ▓▓.....................
▓▓.........^........^. ▓▓....@............)... ▓▓.....................^
▓................^...... ▓^...................... ▓▓......................
▓▓...................▓# ▓▓...............▓▓▓▓ ▓▓^...8##▓▓▓▓▓▓▓▓▓▓▓#
##...................# Turn 86792 on Zot:5: bro #.# ##..# ##.######## #..#
..........# #..# ....#####.# #..# ###.# #.# #..# #.#####.##########..#
###.##................# ....##.##.####.#R#.##.# ###.##.##.# #.#@#.##.# #.##.##.#
#.#+#.##.# ###.##.##.# #.....##.# .......##.# #####....# ###.......# ####.#
#.....#### #.# #.###.# #.# #.# #.# ##########.# #.# #.# ##..........# Turn 87492
on D:1: gg, ty sara

Levels and vault maps discovered:
D:1:      dpeg_arrival_tiny_d, layout_loops_ring, minmay_liquid_box
D:2:      layout_loops_ring, minmay_shallow_snake_nest
D:3:      layout_basic
D:4:      layout_cave_pools, serial_shops, shop_statue
D:5:      layout_loops_ring
D:6:      layout_cave_pods, minmay_temple_entry_stoned_glass,
          serial_column_ruins, column_ruins_grid_1, column_ruins_open_small,
          column_ruins_grid_1, column_ruins_open_tiny
D:7:      layout_basic, solitary_fountain
D:8:      layout_loops_ring, mainiacjoe_overflow_24_doors
D:9:      layout_rooms, lair_entry_dummy, gammafunk_ghost_stat_death,
          uniq_maggie
D:10:     layout_stronghold, enter_bailey_3
D:11:     layout_loops_ring, hellmonk_ghost_happy_afterlife,
          cheibrodos_ashenzari_chains
D:12:     layout_rooms, erik_orc_4
D:13:     layout_irregular_city, ximxim_vaults_locker_room
D:14:     layout_gridville, serial_park_square1 [serial_park_minivault_5x5_8]
D:15:     gammafunk_depths_entry_grave, layout_loops_ring, serial_shops,
          nicolae_shop_tiny_real_fake_doors, nrook_uturn, evilmike_butchery
Temple:   kilobyte_greek_temple
Lair:1:   lemuel_reptile_caves, layout_small_grid
Lair:2:   layout_gridlike, guppyfry_snake_entry_island,
          nicolae_lair_grazing_beasts [nicolae_sub_lair_graze_edge,
          nicolae_sub_lair_graze_edge, nicolae_sub_lair_graze_edge,
          nicolae_sub_lair_graze_edge]
Lair:3:   layout_chaotic_city, mainiacjoe_swamp_entry_lozenge_pond,
          infiniplex_staircase_pool, uniq_fannar
Lair:4:   hellmonk_destroyed_diamonds, layout_misc_corridors,
          minmay_slime_entry_oklob_open, cheibrodos_lair_lostbears,
          lemuel_fruit_tree
Lair:5:   evilmike_catoblepas_cave, layout_cave_shapes, minmay_lair_drake_nest,
          infiniplex_staircase_pool_2
Swamp:1:  layout_basic_swamp, evilmike_swamp_ruin_house_5, worms_lemuel,
          uniq_louise, uniq_frances
Swamp:2:  layout_falls_marsh, evilmike_swamp_ruin_house_3, swamp_pool_1_2
Swamp:3:  layout_falls_marsh, evilmike_swamp_ruin_rubble_2
Swamp:4:  swamp, layout_basic_swamp, nicolae_swamp_feature_on_the_river_bank
Snake:1:  layout_basic, nicolae_snake_snakes_in_the_grass, grunt_megastairs_4
Snake:2:  layout_grid_maze
Snake:3:  layout_misc_corridors
Snake:4:  minmay_snake_end_coiled, layout_onion, hangedman_snake_corridor_cut,
          uniq_nikola, uniq_donald
Slime:1:  layout_caves
Slime:2:  layout_caves
Slime:3:  layout_caves
Slime:4:  cheibrodos_slime_lost_civilization_8, layout_caves
Slime:5:  slime_pit_nicolae_amoeboid
Orc:1:    layout_caves, basic_altar, bh_open_orc_temple
Orc:2:    grunt_orc_community_town_hall, layout_caves,
          grunt_orc_community_big_house_1, grunt_orc_community_big_house_2,
          grunt_orc_community_house_2, grunt_orc_community_house_1,
          grunt_orc_community_house_1, grunt_orc_community_house_3,
          grunt_orc_community_house_3, grunt_orc_community_house_3,
          abandoned_shop
Elf:1:    minmay_elf_arrival_summoners, layout_onion_city, evilmike_minifort,
          hangedman_elf_targeted_burst, uniq_jorgrun
Elf:2:    elven_hall_of_blades_hangedman_original
          [nicolae_blade_entry_floor_patterns], layout_geoelf_octagon,
          serial_shops, shop_coins, uniq_agnes
Elf:3:    grunt_elf_hall_branching, layout_loops_corners, serial_shops,
          nicolae_shop_tiny_waterfront, minmay_misc_feat_ornament
Vaults:1: nicolae_vaults_inception_corners, ontoclasm_vaults_eye,
          nicolae_vaults_trapezoid_3, vaults_dpeg_ring,
          vaults_room_stairs_pillars, nicolae_vaults_mini_display_case,
          nicolae_vaults_ring_of_whatevers, nicolae_vaults_minivaults,
          nicolae_vaults_network_quincunx
          [nicolae_vaults_network_quincunx_subvault,
          nicolae_vaults_network_quincunx_subvault,
          nicolae_vaults_network_quincunx_subvault,
          nicolae_vaults_network_quincunx_subvault,
          nicolae_vaults_network_quincunx_subvault], ontoclasm_vaults_chip,
          nicolae_vaults_twisting_passages, nicolae_vaults_apartment_2,
          nicolae_vaults_double_plus_1, layout_vaults_omnibox, uniq_asterion
Vaults:2: nicolae_vaults_double_plus_2, hangedman_vaults_unwind, st_cells,
          nicolae_vaults_wine_cellar, vaults_room_ringed_pool, vaults_mumra_lcd,
          vaults_room_hallway, nicolae_vaults_tetromino_L_1,
          dpeg_vaults_monster_box, nicolae_vaults_tetromino_Z_2,
          nicolae_vaults_trapezoid_lopsided_3, nicolae_vaults_little_squares_5,
          vaults_room_fancy_cross, nicolae_vaults_specimen_jars,
          layout_vaults_omnicross, serial_shops, nicolae_shop_back_alley_shop,
          uniq_boris
Vaults:3: gammafunk_ghost_ooze, nicolae_vaults_tetromino_Z_2, st_cross,
          v_misc_14, hangedman_vaults_cutoff, nicolae_vaults_surprise_closet,
          minmay_crypt_entry_skeletal_spiral, nicolae_vaults_little_squares_5,
          ontoclasm_vaults_hangar, nicolae_vaults_more_shelving_1,
          layout_vaults_big_room, uniq_saint_roka
Vaults:4: v_rooms_2, nicolae_vaults_windows_and_doors_thing,
          hangedman_vaults_pinch, nicolae_vaults_big_angled_halls,
          ontoclasm_vaults_chip, nicolae_vaults_closet_pinwheel_6,
          vaults_mumra_minichess_inversion, ontoclasm_vaults_twist,
          layout_vaults_omnigrid, serial_shops,
          nicolae_shop_pleasant_corner_grove
Vaults:5
Crypt:1:  layout_basic, grunt_crypt_arrival_split
Crypt:2:  layout_catacombs
Crypt:3:  lightli_unholy_cathedral, layout_chaotic_city,
          tomb_entry_pyramid_bobbens, uniq_frederick
Depths:1: cheibrodos_spurs, layout_cave_shapes, pf_coc_iceberg, moated_statue,
          abyss_entry, kennysheep_donut, chequers_serial_rivers_micro_b,
          grunt_decor_resistance, nicolae_shop_clearance, uniq_bai_suzhen
Depths:2: minmay_broken_ring, layout_basic, pan_entry, hell_entry,
          grunt_decor_one_mirror, grunt_megastairs_1,
          infiniplex_staircase_zigzag_4, minmay_shop_star, firewood_loft
Depths:3: kennysheep_oblong_rooms, layout_cave_shapes, enter_ziggurat_f,
          nicolae_abyss_entry_one_way_or_another,
          minmay_misc_feat_secret_circle, hell_entry, serial_shops,
          nicolae_shop_mannequins, nicolae_shop_drivethru,
          minmay_misc_feat_roman, roadster_trireme
Depths:4: grunt_crosshair, layout_honeycomb, pf_hell_entry_tar_river,
          dk_noncrumbling_2, enter_trove_5, uniq_vv
Zot:1:    gammafunk_mikee_crab_dinner, layout_gridlike,
          regret_index_zotdec_bone_old, grunt_megastairs_5
Zot:2:    layout_gridville, regret_index_zot_stipple_split, st_stairs_8,
          hangedman_swamp_dais
Zot:3:    layout_cathedral_of_symmetry, lemuel_baited_zot_trap
Zot:4:    layout_cellular_growth
Zot:5:    layout_gridville

Skill      XL: |  1  2  3  4  5  6  7  8  9 10 11 12 13 14 15 16 17 18 19 20 21 22 23 24 25 26 27 |
---------------+----------------------------------------------------------------------------------+-----
Alchemy        | 4 5 6 7 8 11 13 14 | 14.0
Air Magic      | 1 3 5 |  5.0
Fighting       | 1 3 4 5 11 13 14 15 17 18 19 20 | 20.0
Short Blades   | 1 2 4 7 10 12 13 15 | 15.0
Stealth        | 2 3 5 7 9 10 12 14 16 17 | 17.6
Evocations     | 2 3 5 7 10 13 14 16 | 16.0
Spellcasting   | 3 4 6 7 9 |  9.0
Translocations | 4 7 10 | 10.0
Fire Magic     | 3 5 7 |  7.0
Invocations    | 4 10 12 18 19 20 22 | 22.3
Dodging        | 10 12 15 16 17 18 | 18.7
Hexes          | 2 8 9 11 12 13 | 13.0
Throwing       | 2 4 |  4.0
Necromancy     | 6 8 10 | 10.0
Unarmed Combat | 4 |  4.0
Armour         | 2 10 12 14 15 17 | 17.0
Conjurations   | 4 |  4.0

Action                     |  1- 3 |  4- 6 |  7- 9 | 10-12 | 13-15 | 16-18 | 19-21 | 22-24 | 25-27 || total
---------------------------+-------+-------+-------+-------+-------+-------+-------+-------+-------++-------
  Melee: Dagger            |     4 |     9 |    38 |    86 |   560 |  1015 |   183 |       |       ||  1895
         Short sword       |    16 |    13 |       |       |       |       |       |       |       ||    29
         Hand axe          |     6 |     7 |       |       |       |    18 |     5 |       |       ||    36
         Quarterstaff      |       |    28 |    17 |       |       |       |       |       |       ||    45
         Touch             |       |       |     1 |    24 |   111 |   212 |   218 |   425 |   563 ||  1554
         Punch             |       |       |       |       |     7 |    24 |    47 |    97 |   138 ||   313
         Broad axe         |       |       |       |       |    10 |       |       |       |       ||    10
         Falchion          |       |       |       |       |       |    37 |       |       |       ||    37
         Rapier            |       |       |       |       |       |       |   685 |   531 |       ||  1216
         Quick blade       |       |       |       |       |       |       |       |  1219 |  2199 ||  3418
   Fire: Sling             |    10 |    73 |    49 |    41 |       |       |       |       |       ||   173
  Throw: Stone             |     2 |       |     1 |       |       |       |       |       |       ||     3
         Dart              |       |       |     1 |       |       |       |     3 |     3 |     1 ||     8
         Throwing net      |       |       |       |       |       |       |       |     2 |       ||     2
   Cast: Sting             |    51 |    37 |    87 |    47 |     6 |    21 |       |       |       ||   249
         Mercury Vapours   |     4 |    33 |    19 |    12 |    10 |    14 |     1 |       |       ||    93
         Olgreb's Toxic Ra |       |       |    26 |    62 |   107 |   114 |   122 |    31 |    27 ||   489
         Sticky Flame      |       |       |       |     9 |    72 |   122 |    80 |    63 |    41 ||   387
         Blink             |       |       |       |       |     4 |     7 |     4 |     6 |     4 ||    25
         Mephitic Cloud    |       |       |       |       |    13 |    23 |    61 |     3 |    23 ||   123
         Yara's Violent Un |       |       |       |       |       |    18 |    40 |    19 |    13 ||    90
         Fugue of the Fall |       |       |       |       |       |    37 |    26 |    38 |    24 ||   125
         Anguish           |       |       |       |       |       |       |     9 |     3 |       ||    12
         Animate Dead      |       |       |       |       |       |       |       |     3 |     9 ||    12
         Lesser Beckoning  |       |       |       |       |       |       |       |       |     8 ||     8
 Invoke: Recall Ancestor   |       |       |     1 |     1 |    12 |    15 |    12 |    14 |    17 ||    72
         Ancestor Identity |       |       |     1 |       |       |       |       |       |       ||     1
         Ancestor Life: He |       |       |       |     1 |       |       |       |       |       ||     1
         Idealise          |       |       |       |       |       |     6 |    11 |     4 |     4 ||    25
         Transference      |       |       |       |       |       |     2 |     3 |       |     2 ||     7
Ability: Word of Chaos     |       |       |       |       |       |       |       |       |     1 ||     1
  Evoke: Wand              |       |       |     1 |     9 |    11 |    12 |    12 |     3 |     3 ||    51
         Lightning rod     |       |       |       |       |       |       |       |       |     2 ||     2
         Box of beasts     |       |       |       |       |       |       |       |       |     1 ||     1
    Use: Potion            |     1 |       |       |       |     1 |     2 |     9 |    11 |    30 ||    54
         Scroll            |     3 |     3 |     5 |     2 |    11 |    12 |    15 |    18 |    14 ||    83
   Stab: Paralysed         |    14 |    17 |    31 |     5 |    72 |   116 |   105 |   107 |    79 ||   546
         Sleeping          |     1 |       |     1 |       |     3 |    18 |    20 |    10 |     9 ||    62
         Distracted        |       |       |       |     1 |    16 |    20 |     6 |    52 |    72 ||   167
         Confused          |       |       |       |     2 |    26 |    41 |    97 |    98 |   127 ||   391
         Invisible         |       |       |       |       |       |       |     6 |     2 |       ||     8
         Held in net/web   |       |       |       |       |       |       |       |     5 |       ||     5
 Armour: Robe              |    11 |       |       |       |    36 |   398 |   220 |       |       ||   665
         Leather armour    |    10 |    43 |    53 |       |    49 |       |       |       |       ||   155
         Swamp dragon scal |       |       |       |    68 |   168 |       |       |       |       ||   236
         Pearl dragon scal |       |       |       |       |       |       |    72 |   607 |   596 ||  1275
         Skin              |       |       |       |       |       |       |       |    13 |     9 ||    22
  Dodge: Dodged            |    25 |    48 |    49 |    37 |   380 |   890 |   401 |   482 |   560 ||  2872
  Block: Other             |     5 |    22 |    16 |    15 |    74 |    99 |    57 |    84 |    81 ||   453
